 Dungeon Crawl Stone Soup version 0.21.1-1-g345015fe64 (webtiles) character file.

1800 Kohma the Grappler (level 9, -5/79 HPs)
             Began as a Ghoul Monk on June 23, 2018.
             Was a Believer of Makhleb.
             Slain by an orc warrior
             ... wielding a +0 glaive
              (20 damage)
             ... on level 7 of the Dungeon.
             The game lasted 00:20:24 (7259 turns).

Kohma the Grappler (Ghoul Monk)                     Turns: 7259, Time: 00:20:24

Health: -5/79      AC:  7    Str: 18    XL:     9   Next: 9%
Magic:  8/8        EV: 10    Int:  5    God:    Makhleb [**....]
Gold:   334        SH:  0    Dex: 11    Spells: 8/8 levels left

rFire    . . .     SeeInvis .     - Unarmed
rCold    + . .     Gourm    .   (no shield)
rNeg     + + +     Faith    .   j - +0 scale mail
rPois    ∞         Spirit   .   u - +0 helmet
rElec    .         Reflect  .   (no cloak)
rCorr    +         Harm     .   (no gloves)
MR       .....                  (no boots)
Stlth    ..........             (no amulet)
HPRegen  0.00/turn              d - ring of resist corrosion
MPRegen  0.11/turn              (no ring)

@: about to teleport, rotting
A: rotting body, claws 1, carnivore, cold resistance 1, negative energy
resistance 3, inhibited regeneration, torment resistance, unbreathing
a: Minor Destruction, Renounce Religion


You were on level 7 of the Dungeon.
You worshipped Makhleb.
Makhleb was pleased with you.
You were not hungry.

You visited 2 branches of the dungeon, and saw 8 of its levels.

You collected 334 gold pieces.

Inventory:

Hand Weapons
 v - a +1 hunting sling
 C - a +0 blowgun
Missiles
 c - 8 poisoned javelins (quivered)
 y - 39 sling bullets
 D - 13 poisoned needles
 E - 2 curare-tipped needles
Armour
 j - a +0 scale mail (worn)
 s - a +0 plate armour
 u - a +0 helmet (worn)
 w - the +1 robe of Qaquaq {rElec rN+++ Dex-4}
   (You found it on level 4 of the Dungeon)

   It affects your dexterity (-4).
   It insulates you from electricity.
   It renders you almost immune to negative energy.
Jewellery
 d - a ring of resist corrosion (left claw)
Wands
 n - a wand of random effects (28)
 q - a wand of flame (77)
 B - a wand of digging (9)
Scrolls
 e - 2 scrolls of teleportation
 g - 4 scrolls of enchant weapon
 h - a scroll of remove curse
 i - 2 scrolls of fear
 t - 4 scrolls of amnesia
 x - a scroll of blinking
 A - a scroll of identify
Potions
 a - 2 potions of ambrosia
 k - 2 potions of might {unknown}
 l - a potion of agility
 m - a potion of degeneration {unknown}
 o - 6 potions of curing
 p - 3 potions of flight {unknown}
 r - a potion of haste {unknown}
Books
 f - a book of Callings

   Spells                             Type                      Level
   a - Summon Small Mammal            Summoning                    1
   b - Call Imp                       Summoning                    2
   c - Call Canine Familiar           Summoning                    3
   d - Summon Guardian Golem          Hexes/Summoning              3
   e - Summon Lightning Spire         Summoning/Air                4
   f - Summon Ice Beast               Ice/Summoning                4
Comestibles
 b - 15 rations
 z - 2 chunks of flesh


   Skills:
 + Level 7.0 Fighting
 + Level 5.0 Throwing
 - Level 2.6 Dodging
 - Level 2.1 Stealth
 * Level 9.5 Unarmed Combat


You had 8 spell levels left.
You didn't know any spells.

Dungeon Overview and Level Annotations

Branches:
Dungeon (7/15)             Temple (1/1) D:6

Altars:
Ashenzari
Cheibriados
Dithmenos
Elyvilon
Fedhas
Gozag
Hepliaklqana
Kikubaaqudgha
Makhleb
Nemelex Xobeh
Okawaru
Qazlal
Ru
Sif Muna
Trog
Uskayaw
Vehumet
Wu Jian
Xom
Yredelemnul
Zin
The Shining One


Innate Abilities, Weirdness & Mutations

Your body is rotting away.
You thrive on raw meat.
You are immune to poison.
You have sharp fingernails.
You are carnivorous and can eat meat at any time.
Your flesh is cold resistant. (rC+)
You are immune to negative energy. (rN+++)
You do not regenerate when monsters are visible.
You are immune to unholy pain and torment.
You can survive without breathing.


Message History

Things that are here:
3 chunks of flesh; a bullfrog skeleton There isn't anything to butcher here.
z - 3 chunks of flesh The orc shouts!
The orc moves out of view.
The orc warrior hits you from afar with a glaive.
* * * LOW HITPOINT WARNING * * *
The orc priest miscasts a cantrip.
The orc priest looks braver for a moment.
The orc priest casts a cantrip, but nothing happens.
The orc priest calls down the wrath of Beogh upon you.
Beogh smites you!
* * * LOW HITPOINT WARNING * * *
As you read the scroll of teleportation, it crumbles to dust.
You feel strangely unstable.
Eat one of 3 chunks of flesh? (ye/n/q)
You eat one of the 3 chunks of flesh.
This raw flesh tastes great!
The orc warrior hits you from afar with a glaive!!
You die...

..#.#
#...#
#.#.
..#.#
#o..#
#.#.
..#.#
#.o.#
#.#.
## .#
#...#
#.#.
#.###
#.##
#o#
#...
#o#
####
#.#
#@#
#.#
#.#
#.#
#.#
#.#
#.#
#.#
#.#


You could see an orc warrior, an orc priest, an orc wizard and an orc.

Vanquished Creatures
  Prince Ribbit (D:6)
  A sky beast (D:6)
  An ogre (D:5)
  A centaur (D:4)
  Blork the orc (D:4)
  A big kobold (D:5)
  3 bullfrogs
  A wyvern skeleton (D:7)
  A howler monkey (D:6)
  4 wights
  2 crimson imps
  4 hounds
  An orc priest (D:4)
  An orc wizard (D:4)
  Jessica (D:3)
  An iguana (D:5)
  Natasha (thrice) (D:2)
  Terence (D:2)
  3 worker ants
  A hound skeleton (D:5)
  Robin (D:3)
  3 gnolls (D:4)
  11 adders
  A shadow imp (D:5)
  An adder skeleton (D:5)
  2 worms (D:2)
  A dart slug (D:1)
  6 leopard geckos
  8 orcs
  3 bats
  6 giant cockroaches
  19 goblins
  8 hobgoblins
  8 jackals
  7 quokkas
  3 frilled lizards
  25 kobolds
  A leopard gecko zombie (D:5)
  A quokka skeleton (D:4)
  6 rats
  7 plants (D:5)
161 creatures vanquished.

Notes
Turn   | Place    | Note
-------+----------+-------------------------------------------
     0 | D:1      | Kohma the Ghoul Monk began the quest for the Orb.
     0 | D:1      | Reached XP level 1. HP: 19/19 MP: 0/0
    69 | D:1      | Reached XP level 2. HP: 7/26 MP: 1/1
   740 | D:1      | Reached skill level 4 in Unarmed Combat
   740 | D:1      | Reached XP level 3. HP: 29/31 MP: 2/2
   916 | D:2      | Reached skill level 1 in Throwing
   999 | D:2      | Noticed Natasha
  1000 | D:2      | Found a hide-covered altar of Uskayaw.
  1012 | D:2      | Killed Natasha
  1012 | D:2      | Reached XP level 4. HP: 2/40 MP: 3/3
  1301 | D:2      | Noticed Natasha
  1316 | D:2      | Killed Natasha
  1433 | D:2      | Noticed Natasha
  1450 | D:2      | Killed Natasha
  1450 | D:2      | Reached XP level 5. HP: 32/44 MP: 4/4
  1685 | D:2      | Reached skill level 5 in Unarmed Combat
  1859 | D:2      | Noticed Terence
  1868 | D:2      | Killed Terence
  2437 | D:3      | Noticed Jessica
  2445 | D:3      | Killed Jessica
  2445 | D:3      | Reached XP level 6. HP: 53/53 MP: 5/5
  2516 | D:3      | Found a snail-covered altar of Cheibriados.
  2854 | D:3      | Noticed Robin
  2880 | D:3      | Killed Robin
  3094 | D:4      | Reached skill level 6 in Unarmed Combat
  3268 | D:4      | Got a brightly glowing robe
  3403 | D:4      | Found a blossoming altar of Fedhas.
  3412 | D:4      | Reached skill level 5 in Fighting
  3412 | D:4      | Reached XP level 7. HP: 42/60 MP: 6/6
  3838 | D:5      | Entered Level 5 of the Dungeon
  3843 | D:5      | Identified the +1 robe of Qaquaq {rElec rN+++ Dex-4} (You found it on level 4 of the Dungeon)
  3892 | D:5      | Found a radiant altar of Vehumet.
  3894 | D:5      | Noticed Blork the orc
  3933 | D:4      | Reached skill level 7 in Unarmed Combat
  3960 | D:4      | Killed Blork the orc
  4223 | D:5      | Reached XP level 8. HP: 47/70 MP: 7/7
  4345 | D:5      | Found a sacrificial altar of Ru.
  4497 | D:5      | Found a shadowy altar of Dithmenos.
  4564 | D:5      | Reached skill level 8 in Unarmed Combat
  4603 | D:5      | Found a basalt altar of Yredelemnul.
  5515 | D:6      | Found a staircase to the Ecumenical Temple.
  5529 | Temple   | Entered the Ecumenical Temple
  5637 | Temple   | Became a worshipper of Makhleb the Destroyer
  5637 | Temple   | Reached * piety under Makhleb
  5637 | Temple   | Reached ** piety under Makhleb
  5925 | D:6      | Noticed Prince Ribbit
  5931 | D:6      | Killed Prince Ribbit
  5954 | D:6      | Reached skill level 9 in Unarmed Combat
  6157 | D:6      | Found an opulent altar of Gozag.
  6333 | D:6      | Found a blossoming altar of Fedhas.
  6407 | D:6      | Reached XP level 9. HP: 78/78 MP: 8/8
  7208 | D:7      | Reached skill level 5 in Throwing
  7259 | D:7      | Slain by an orc warrior

Skill      XL: |  1  2  3  4  5  6  7  8  9 |
---------------+----------------------------+-----
Unarmed Combat | 4 5 6 7 9 |  9.5
Throwing       | 1 2 3 4 5 |  5.0
Fighting       | 4 5 6 7 |  7.0
Dodging        | |  2.6
Stealth        | |  2.1

Action                   |  1- 3 |  4- 6 |  7- 9 || total
-------------------------+-------+-------+-------++-------
Melee: Unarmed           |    97 |   219 |   342 ||   658
       Punch             |     1 |     1 |    19 ||    21
  Use: Scroll            |       |       |    17 ||    17
       Potion            |       |       |     2 ||     2
  Eat: Chunk             |    13 |    15 |    47 ||    75
Armor: Robe              |     6 |       |       ||     6
       Scale mail        |    21 |    65 |    60 ||   146
Dodge: Dodged            |    39 |   121 |   111 ||   271
